 Dungeon Crawl Stone Soup version 0.30.1-11-g7821555f0a (webtiles) character file.

Game seed: 5913954614957067121

8379 BigJobber the Basher (level 11, -11/104 HPs)
             Began as a Minotaur Berserker on Jan 7, 2024.
             Was an Elder of Trog.
             Mangled by a cane toad (15 damage)
             ... on level 2 of the Lair of Beasts.
             The game lasted 00:22:35 (16493 turns).

BigJobber the Basher (Minotaur Berserker)          Turns: 16493, Time: 00:22:36

Health: -11/104    AC: 17    Str: 26    XL:     11   Next: 9%
Magic:  10/10      EV:  8    Int:  4    God:    Trog [****..]
Gold:   676        SH:  0    Dex: 10    Spells: 10/10 levels left

rFire   . . .        b - +0 whip (elec)
rCold   . . .        (no shield)
rNeg    . . .        N - +0 plate armour
rPois   .            (helmet restricted)
rElec   .            (no cloak)
rCorr   .            r - +0 pair of gloves
SInv    .            h - +0 pair of boots
Will    .....        (no amulet) Stlth
                     (no ring)
HPRegen 0.37/turn    (no ring)
MPRegen 0.12/turn

%: no passive effects
@: lethally poisoned (-11 -> -38)
A: horns 2, retaliatory headbutt
a: Renounce Religion, Berserk, Trog's Hand, Brothers in Arms


You were on level 2 of the Lair of Beasts.
You worshipped Trog.
Trog was greatly pleased with you.
You visited 2 branches of the dungeon, and saw 13 of its levels.

You collected 758 gold pieces.
You spent 82 gold pieces at shops.

Inventory:

Hand Weapons
 b - a +0 whip of electrocution (weapon)
 g - a +0 whip
 x - a +1 flail of protection
 y - a +1 hammer of protection
Missiles
 m - a throwing net (quivered)
Armour
 h - a +0 pair of boots (worn)
 r - a +0 pair of gloves (worn)
 F - +0 acid dragon scales
 N - a +0 plate armour (worn)
Jewellery
 k - an amulet of faith
 u - a ring of magical power
 J - a ring of ice
Wands
 j - a wand of iceblast (18)
 s - a wand of light (2)
 C - a wand of flame (63)
 H - a wand of paralysis (16)
Scrolls
 c - 2 scrolls of vulnerability {unknown}
 i - a scroll of immolation {unknown}
 l - 2 scrolls of torment {unknown}
 n - a scroll of poison {unknown}
 o - 4 scrolls of magic mapping
 p - 3 scrolls of enchant armour
 q - 4 scrolls of enchant weapon {unknown}
 t - 2 scrolls of identify
 w - 2 scrolls of blinking
 B - 3 scrolls of teleportation {unknown}
 K - a scroll of fear {unknown}
 L - a scroll of noise {unknown}
Potions
 a - 4 potions of ambrosia
 d - 4 potions of haste
 e - 6 potions of heal wounds
 f - 7 potions of curing
 v - a potion of degeneration {unknown}
 z - 2 potions of cancellation {unknown}
 A - a potion of berserk rage {unknown}
 D - a potion of flight
 E - a potion of attraction {unknown}
 G - a potion of invisibility {unknown}
 I - a potion of brilliance {unknown}
 M - a potion of lignification {unknown}


   Skills:
 + Level 12.0 Fighting
 - Level 14.0 Maces & Flails
 + Level 10.4 Armour
 - Level 2.7 Dodging


You had 10 spell levels left.
You didn't know any spells.
Your spell library was empty.

Dungeon Overview and Level Annotations

Branches:
Dungeon (11/15)            Temple (0/1) D:5            Lair (2/5) D:9
  Swamp: Lair:2-3    Shoals: Lair:2-3     Snake: Lair:2-3    Spider: Lair:2-3
    Orc: D:9-12

Altars:
Fedhas
Gozag
Nemelex Xobeh
Ru
Trog
Uskayaw
Xom
The Shining One

Shops:
D:3 ?=


Innate Abilities, Weirdness & Mutations

You have a pair of horns on your head.
You reflexively headbutt those who attack you in melee.


Message History

You fall into a shaft and drop 1 floor!
The shaft crumbles and collapses. 4 blink frogs, a black mamba, a rime drake and 2 cane toads come into view.
The cane toad croaks.
The blink frog croaks.
The blink frog gives a loud, deep croak! x3
The rime drake hisses angrily.
Found 18 gold pieces.
Found a stone staircase leading up and a stone staircase leading down.
The rime drake breathes ice at you. The icy flash freeze hits you!!
You are encased in ice.
The blink frog blinks!
The blink frog blinks!
The blink frog hits you.
The blink frog blinks!
The blink frog hits you.
The blink frog blinks!
The black mamba bites you but does no damage.
The black mamba attacks as you move away!
The black mamba bites you! The ice encasing you melts away.
The blink frog hits you but does no damage.
The blink frog blinks!
The black mamba bites you! The cane toad stings you! The black mamba bites you!
* * * LOW HITPOINT WARNING * * *
The cane toad attacks as you move away! The cane toad stings you.
* * * LOW HITPOINT WARNING * * *
The black mamba attacks as you move away!
The black mamba bites you.
* * * LOW HITPOINT WARNING * * *
You are poisoned.
The black mamba poisons you!
You feel very sick. The cane toad stings you!
* * * LOW HITPOINT WARNING * * *
You are more poisoned.
The cane toad poisons you!
The blink frog blinks! x2
The blink frog hits you but does no damage.
The cane toad stings you.
* * * LOW HITPOINT WARNING * * *
The cane toad stings you!
You die...

#..####P###..#.
................
#P.............
#............
##........#.#
#..........#
#.S......#
#@F.ยง...#
#FFkF...#
#.F.....#
#F.........
#...........
#...P........#
##........$..P#
....#........##
....P.#P..>...


You could see a black mamba, 2 cane toads, 4 blink frogs and a rime drake.

Vanquished Creatures
  A hydra (Lair:1)
  Pikel (D:7)
  2 cane toads (Lair:1)
  Maggie (D:6)
  A kobold demonologist (D:7)
  A komodo dragon (Lair:1)
  A hornet (D:9)
  Sigmund (D:6)
  A wraith (D:10)
  A wyvern (D:9)
  8 yaks
  A steam dragon (D:8)
  Edmund (D:4)
  A water moccasin (D:8)
  5 orc warriors
  A sky beast (D:8)
  An ogre (D:5)
  A black bear (D:6)
  A lemure (D:7)
  3 centaurs
  5 bullfrogs
  4 kobold brigands
  2 gnoll sergeants
  A scorpion (D:6)
  8 wights
  9 killer bees
  7 howler monkeys
  Crazy Yiuf (D:4)
  5 orc priests
  2 jellies
  A sleepcap (D:5)
  3 iguanas
  12 orc wizards
  8 adders
  9 gnolls
  A white imp (D:6)
  2 ufetubi (D:4)
  2 worms
  3 dart slugs
  47 orcs
  7 ball pythons
  9 endoplasms
  A giant cockroach (D:3)
  10 goblins
  7 hobgoblins
  3 quokkas
  4 bats
  5 frilled lizards
  28 kobolds
240 creatures vanquished.

Notes
Turn   | Place    | Note
-------+----------+-------------------------------------------
     0 | D:1      | BigJobber the Minotaur Berserker began the quest for the
                  | Orb.
     0 | D:1      | Reached XP level 1. HP: 19/19 MP: 0/0
    58 | D:1      | Reached XP level 2. HP: 27/27 MP: 1/1
   151 | D:1      | You fall into a shaft and drop 1 floor!
   235 | D:2      | Reached skill level 4 in Maces & Flails
   357 | D:2      | Found a hide-covered altar of Uskayaw.
   367 | D:2      | Reached XP level 3. HP: 22/33 MP: 2/2
   739 | D:2      | Reached XP level 4. HP: 20/40 MP: 3/3
  1007 | D:2      | Reached skill level 5 in Maces & Flails
  1016 | D:2      | Reached ** piety under Trog
  1788 | D:3      | Reached skill level 6 in Maces & Flails
  1842 | D:3      | Found Deny's Magic Scroll Boutique.
  1844 | D:3      | Reached XP level 5. HP: 46/46 MP: 4/4
  1854 | D:3      | Found a faded altar of an unknown god.
  1861 | D:3      | Bought a scroll of enchant armour for 82 gold pieces
  2109 | D:3      | Found Usilor's Jewellery Boutique.
  2714 | D:4      | Noticed Edmund
  2729 | D:4      | Killed Edmund
  2730 | D:4      | Reached skill level 7 in Maces & Flails
  2730 | D:4      | Reached XP level 6. HP: 52/52 MP: 5/5
  3050 | D:4      | Found a runed translucent door.
  3051 | D:4      | Noticed Crazy Yiuf
  3057 | D:4      | Killed Crazy Yiuf
  3058 | D:4      | Reached skill level 8 in Maces & Flails
  3437 | D:5      | Entered Level 5 of the Dungeon
  3614 | D:5      | Found a staircase to the Ecumenical Temple.
  3652 | D:5      | Found a blossoming altar of Fedhas.
  3835 | D:5      | Reached skill level 9 in Maces & Flails
  3835 | D:5      | Reached XP level 7. HP: 58/59 MP: 6/6
  5823 | D:5      | Found a bloodstained altar of Trog.
  5827 | D:5      | Found a sacrificial altar of Ru.
  5831 | D:5      | Found an opulent altar of Gozag.
  6317 | D:6      | Reached skill level 10 in Maces & Flails
  7184 | D:6      | Reached skill level 11 in Maces & Flails
  7184 | D:6      | Reached XP level 8. HP: 26/66 MP: 7/7
  7430 | D:6      | Reached *** piety under Trog
  7436 | D:6      | Noticed Maggie
  7445 | D:6      | Killed Maggie
  7523 | D:6      | Identified the +6 battleaxe "Ityohatacu" {flame, rF++
                  | Dex-3}
  7534 | D:6      | Reached skill level 5 in Fighting
  7676 | D:6      | Noticed Sigmund
  7680 | D:6      | Killed Sigmund
  7681 | D:6      | Reached skill level 12 in Maces & Flails
  8101 | D:6      | Found the +7 staff of the Meek {protect, meekguard}
  8446 | D:7      | Noticed Pikel
  8467 | D:7      | Killed Pikel
  8468 | D:7      | Reached skill level 13 in Maces & Flails
  8468 | D:7      | Reached XP level 9. HP: 78/78 MP: 8/8
  8602 | D:7      | Found the +18 Lear's hauberk
  8799 | D:7      | Noticed a kobold demonologist
  8929 | D:7      | Killed a kobold demonologist
  8930 | D:7      | Reached skill level 14 in Maces & Flails
  9099 | D:7      | Found a shimmering altar of Xom.
  9099 | D:7      | Found a sparkling altar of Nemelex Xobeh.
  9255 | D:7      | Reached skill level 5 in Armour
 11085 | D:8      | Found a glowing golden altar of the Shining One.
 11361 | D:8      | Reached XP level 10. HP: 91/91 MP: 9/9
 12711 | D:9      | Found a staircase to the Lair.
 12884 | D:9      | Reached skill level 10 in Fighting
 13019 | D:9      | Identified the +0 short sword "Utimpuen" {flame, Str+3}
 13029 | D:9      | Reached **** piety under Trog
 13696 | Lair:1   | Entered Level 1 of the Lair of Beasts
 13714 | D:10     | Entered Level 10 of the Dungeon
 14570 | D:10     | Identified the +1 leather armour of Valiance {rN+ Int+3
                  | Dex+3}
 15195 | Lair:1   | Noticed a cane toad
 15202 | Lair:1   | Killed a cane toad
 15792 | Lair:1   | Noticed a six-headed hydra
 15799 | Lair:1   | Killed a six-headed hydra
 15800 | Lair:1   | Reached skill level 10 in Armour
 15800 | Lair:1   | Reached XP level 11. HP: 104/104 MP: 10/10
 16487 | Lair:1   | You fall into a shaft and drop 1 floor!
 16493 | Lair:2   | HP: 5/104 [cane toad (14)]
 16493 | Lair:2   | Mangled by a cane toad

Illustrated notes

Levels and vault maps discovered:
D:1:      minmay_arrival_up_and_down, layout_basic
D:2:      layout_basic, basic_altar, minmay_randomly_rotated_circles
D:3:      layout_rooms, serial_shops, nicolae_shop_advertising_works
          [nicolae_subvault_shop_adworks], nicolae_shop_getting_attention,
          basic_ecumenical_altar, serial_park_tiny_1, supply_closet_lemuel,
          kennysheep_small_spiral
D:4:      layout_cave_pools, uniq_crazy_yiuf_cottage, uniq_edmund
D:5:      nicolae_BIG_FREAKIN_CUBE, layout_loops_ring,
          grunt_temple_overflow_diamond, mainiacjoe_overflow_paths,
          temple_green, solitary_fountain, kennysheep_generic_room_12
D:6:      layout_gridville, pf_guarded_unrand_meek, uniq_sigmund, uniq_maggie
D:7:      layout_loops_ring, amethyst_overflow_temple_binary, uniq_pikel
D:8:      layout_rooms, mainiacjoe_overflow_surrounded_room,
          kennysheep_another_room, kennysheep_path_1,
          chequers_serial_rivers_room_b
D:9:      layout_stronghold, lair_entry_dummy
D:10:     layout_roguey, dreamdust_mushroom_princess
D:11:     erik_rubicon_b, layout_cross, grunt_ogre_cave,
          nicolae_wu_jian_immortal_techniques, uniq_harold, uniq_maurice
Lair:1:   layout_regular_city, serial_rivers, chequers_serial_rivers_small_3,
          chequers_serial_rivers_small_b, chequers_serial_rivers_micro_a,
          chequers_serial_rivers_room_b, chequers_serial_rivers_room_a,
          chequers_serial_rivers_small_a, grunt_megastairs_3
Lair:2:   layout_chaotic_city, nicolae_snake_entry_squirm,
          chequers_serial_rivers_room_a

Skill      XL: |  1  2  3  4  5  6  7  8  9 10 11 |
---------------+----------------------------------+-----
Fighting       | 4 6 9 11 12 | 12.0
Maces & Flails | 4 6 7 9 11 13 14 | 14.0
Armour         | 3 6 10 | 10.4
Dodging        | |  2.7

Action                     |  1- 3 |  4- 6 |  7- 9 | 10-12 || total
---------------------------+-------+-------+-------+-------++-------
  Melee: Mace              |    13 |       |   194 |   108 ||   315
         Headbutt          |    13 |    13 |    48 |    44 ||   118
         Whip              |    50 |   130 |    77 |   136 ||   393
         Punch             |       |     4 |     1 |     3 ||     8
 Invoke: Berserk           |     1 |     4 |    12 |     8 ||    25
    Use: Scroll            |       |       |     5 |       ||     5
 Armour: Animal skin       |     6 |       |       |       ||     6
         Ring mail         |     7 |     3 |       |       ||    10
         Chain mail        |       |    49 |   139 |    28 ||   216
         Scale mail        |       |     8 |       |       ||     8
         Plate armour      |       |       |       |    79 ||    79
  Dodge: Dodged            |    34 |    73 |   106 |    71 ||   284
